 Dungeon Crawl Stone Soup version 0.17.1-3-g152610e (webtiles) character file.

91 Gargoyl the Skirmisher (level 4, -5/36 HPs)
             Began as a Demonspawn Abyssal Knight on Feb 25, 2016.
             Was a Believer of Lugonu.
             Killed by divine providence
             ... invoked by an orc priest
              (14 damage)
             ... on level 4 of the Dungeon.
             The game lasted 00:08:59 (2806 turns).

Gargoyl the Skirmisher (Demonspawn Abyssal Knight)  Turns: 2806, Time: 00:08:59

Health: -5/36      AC: 13    Str: 13    XL:     4   Next: 33%
Magic:  6/6        EV: -1    Int: 13    God:    Lugonu [**....]
Gold:   215        SH: 10    Dex: 13    Spells: 0 memorised, 3 levels left

rFire  . . .     SeeInvis .     a - +1 hand axe
rCold  . . .     Clarity  .     x - +0 plate armour
rNeg   . . .     SustAt   .     u - +0 large shield
rPois  .         Gourm    .     d - +1 helmet
rElec  .         Spirit   .     (no cloak)
rCorr  .         Warding  .     (no gloves)
rMut   .         Stasis   .     (no boots)
MR     .....                    (no amulet)
Stlth  ..........               (no ring)
                                (no ring)

@: not resistant to hostile enchantments, extremely unstealthy
A: hooves 1, powered by death 2
a: Depart the Abyss, Bend Space, Renounce Religion


You were on level 4 of the Dungeon.
You worshipped Lugonu.
Lugonu was pleased with you.
You were not hungry.

You visited 1 branch of the dungeon, and saw 4 of its levels.
You visited the Abyss 1 time.

You collected 215 gold pieces.

Inventory:

Hand Weapons
 a - a +1 hand axe (weapon)
Armour
 d - a +1 helmet (worn)
 u - a +0 large shield (worn)
 x - a +0 plate armour (worn)
Jewellery
 e - an uncursed ring of teleportation
Scrolls
 b - a scroll of recharging {unknown}
 f - a scroll of silence {unknown}
 j - 2 scrolls of enchant weapon {unknown}
 k - a scroll of random uselessness {unknown}
 m - 2 scrolls of identify {unknown}
 p - a scroll of amnesia {unknown}
 r - a scroll of teleportation {unknown}
Potions
 g - 2 potions of berserk rage
 i - a potion of might
 l - a potion of resistance {unknown}
 o - 2 potions of agility {unknown}
 q - a potion of beneficial mutation {unknown}
 s - 2 potions of haste {unknown}
 t - a potion of curing
 w - a potion of heal wounds {unknown}
Comestibles
 c - 2 bread rations
 n - 2 meat rations


   Skills:
 + Level 3.6 Fighting
 + Level 2.5 Axes
 + Level 2.4 Armour
 + Level 1.4 Dodging
 + Level 3.4 Invocations


You had 3 spell levels left.
You didn't know any spells.

Dungeon Overview and Level Annotations

Branches:
Dungeon (4/15)
 Temple: D:4-7

Altars:


Innate Abilities, Weirdness & Mutations

You have large cloven feet.
You regenerate health from kills.


Message History

The orc priest mumbles some strange prayers to Beogh against you.
Something smites you!
An orc priest comes into view. It is wielding a hand axe.
The orc priest shouts!
The orc priest hits you but does no damage.
Your shield and plate armour prevent you from hitting the orc priest.
The orc priest calls down the wrath of Beogh upon you.
Something smites you!
The orc priest casts a cantrip, but nothing happens.
The orc priest hits you but does no damage.
You closely miss the orc priest.
You kick the orc priest, but do no damage.
The orc priest invokes the aid of Beogh against you.
Pain shoots through your body!
* * * LOW HITPOINT WARNING * * *
Drink which item? (? for menu, Esc to quit)
You feel better.
The orc priest invokes the aid of Beogh against you.
Something smites you!
You die...

#.# #.# #.# #.#
########.# #.# ..
.......>.# #.#
...#############.#
#.#
.................#
#.#
####...##.#######
#.#
####.#.##########
#.#
#........@oo.o...
#.#
#......##########
#.# ..[.....# #.#
##......# #.#
#......# #.#
#####... #.# #...
#.# ... #.# #..


You could see 3 orc priests.

Vanquished Creatures
  2 adders (D:2)
  An adder zombie (D:3)
  6 orcs (D:3)
  5 bats
  5 giant cockroaches
  8 hobgoblins
  10 kobolds
  2 ball pythons
  3 giant geckos (D:3)
  4 giant newts
  6 goblins
  8 rats
60 creatures vanquished.

Notes
Turn   | Place    | Note
--------------------------------------------------------------
     0 | Abyss:1  | Gargoyl the Demonspawn Abyssal Knight began the quest for the Orb.
     0 | Abyss:1  | Reached XP level 1. HP: 18/18 MP: 2/2
   129 | Abyss:1  | Noticed an ancient zyme
   140 | Abyss:1  | Noticed a hungry ghost
   242 | Abyss:2  | Noticed a small abomination
   243 | Abyss:2  | Noticed a tentacled starspawn
   243 | D:1      | Escaped the Abyss
   695 | D:1      | Reached * piety under Lugonu
   796 | D:1      | Gained mutation: You have large cloven feet. [demonic ancestry]
   796 | D:1      | Reached XP level 2. HP: 21/24 MP: 4/4
   802 | D:1      | Reached skill level 1 in Dodging
  1227 | D:2      | Gained mutation: You regenerate a little health from kills. [demonic ancestry]
  1227 | D:2      | Reached XP level 3. HP: 8/29 MP: 5/5
  1948 | D:3      | Reached ** piety under Lugonu
  2046 | D:3      | Gained mutation: You regenerate health from kills. [demonic ancestry]
  2046 | D:3      | Reached XP level 4. HP: 35/35 MP: 6/6
  2806 | D:4      | Killed from afar by an orc priest

Action                   |  1- 3 |  4- 6 || total
-------------------------+-------+-------++-------
Melee: Hand axe          |   160 |   160 ||   320
Invok: Depart the Abyss  |     1 |       ||     1
  Use: Potion            |     4 |     1 ||     5
       Scroll            |     2 |     1 ||     3
  Eat: Bread ration      |     1 |     1 ||     2
